 Dungeon Crawl Stone Soup version 0.18.1-47-g9310371 (webtiles) character file.

686 Sirdec the Shield-Bearer (level 7, -17/53 HPs)
             Began as a Formicid Fighter on June 18, 2016.
             Engulfed by a cloud of flame (21 damage)
             ... on level 4 of the Dungeon.
             The game lasted 00:30:13 (2884 turns).

Sirdec the Shield-Bearer (Formicid Fighter)         Turns: 2884, Time: 00:30:15

Health: -17/53     AC:  7    Str: 22    XL:     7   Next: 94%
Magic:  7/7        EV:  9    Int:  8    God:
Gold:   170        SH: 11    Dex: 15    Spells: 0 memorised, 6 levels left

rFire  . . .     SeeInvis +     a - +0 war axe
rCold  . . .     Gourm    +     b - +0 scale mail
rNeg   . . .     Faith    .     c - +0 shield
rPois  +         Spirit   .     (helmet unavailable)
rElec  .         Dismiss  .     (no cloak)
rCorr  .         Reflect  .     (no gloves)
SustAt .         Harm     .     (no boots)
MR     .....                    p - amulet of the gourmand
Stlth  ..........               A - +5 ring of dexterity
                                e - ring of poison resistance

@: not resistant to hostile enchantments, extremely unstealthy
A: permanent stasis, dig shafts and tunnels, four strong arms, antennae 3
a: Dig, Shaft Self


You were on level 4 of the Dungeon.
You were full.

You visited 1 branch of the dungeon, and saw 4 of its levels.

You collected 170 gold pieces.

Inventory:

Hand Weapons
 a - a +0 war axe (weapon)
 F - a +2 hand axe of draining
Missiles
 x - 24 bolts
 G - a tomahawk (quivered)
Armour
 b - a +0 scale mail (worn)
 c - a +0 shield (worn)
 y - a +0 chain mail
Jewellery
 e - a ring of poison resistance (left hand)
 p - an amulet of the gourmand (around neck)
 A - a +5 ring of dexterity (right hand)
Wands
 u - a wand of random effects (31/48)
 E - a wand of digging (13/24)
 H - a wand of paralysis (10/24)
Scrolls
 h - 4 scrolls of magic mapping
 j - 2 scrolls of identify {unknown}
 k - a scroll of amnesia {unknown}
 q - a scroll of fog {unknown}
 r - a scroll of teleportation
 t - a scroll of enchant armour {unknown}
 v - a scroll of random uselessness {unknown}
 B - a scroll of immolation
 D - a scroll of remove curse {unknown}
Potions
 d - a potion of might
 g - 2 potions of ambrosia {unknown}
 i - a potion of degeneration {unknown}
 l - a potion of magic {unknown}
 o - 4 potions of curing
 w - 2 potions of agility {unknown}
 z - a potion of flight {unknown}
 C - a potion of heal wounds {unknown}
Comestibles
 f - 3 bread rations
 m - 3 fruits
 n - 3 meat rations
 s - a beef jerky


   Skills:
 - Level 3.7 Fighting
 * Level 5.6 Axes
 + Level 5.1 Armour
 - Level 1.2 Dodging
 + Level 6.2 Shields


You had 6 spell levels left.
You didn't know any spells.

Dungeon Overview and Level Annotations

Branches:
Dungeon (4/15)
 Temple: D:4-7

Altars:
Nemelex Xobeh
Qazlal

Annotations:
D:4 daning's ghost, amateur HESk


Innate Abilities, Weirdness & Mutations

You are under a permanent stasis effect.
You can dig through walls and to a lower floor.
Your four strong arms can wield two-handed weapons with a shield.
You have a pair of large antennae on your head (SInv).


Message History

You completely miss the ogre.
The ogre is moderately wounded.
You block the ogre's attack.
You hit the ogre.
The ogre is heavily wounded.
The ogre hits you with a giant club.
You hit the ogre.
The ogre is severely wounded.
The ogre closely misses you.
You hit the ogre.
The ogre is severely wounded.
The ogre closely misses you.
You slash the ogre!
The ogre explodes!
The fiery explosion engulfs you!
Ouch! That really hurt!
* * * LOW HITPOINT WARNING * * *
Your Shields skill increases to level 6!
You are engulfed in roaring flames.
You die...

######## ##......#
#.......# #.......#
........#
#......§################
#.....(§§@.............###
#......§###......#####<...
#......## #.......########
....... ..............#
#........##...........#
#.###.#. .............# .
#.# ###...........# #>
#...........# ..........#


There were no monsters in sight!

Vanquished Creatures
  Sigmund (D:3)
  An ogre (D:4)
  A centaur (D:4)
  A hound (D:3)
  An orc priest (D:4)
  Jessica (D:3)
  An orc wizard (D:4)
  2 worker ants (D:4)
  Robin (D:3)
  7 adders
  An adder skeleton (D:4)
  3 dart slugs
  3 giant geckos
  8 orcs
  4 ball pythons
  22 goblins
  12 hobgoblins
  3 quokkas
  6 bats
  6 giant newts
  10 kobolds
  A quokka skeleton (D:4)
  10 rats
106 creatures vanquished.

Notes
Turn   | Place    | Note
--------------------------------------------------------------
     0 | D:1      | Sirdec the Formicid Fighter began the quest for the Orb.
     0 | D:1      | Reached XP level 1. HP: 18/18 MP: 1/1
   262 | D:1      | Reached XP level 2. HP: 24/24 MP: 2/2
   479 | D:1      | Reached skill level 4 in Shields
   733 | D:2      | Reached XP level 3. HP: 29/29 MP: 3/3
  1201 | D:2      | Reached XP level 4. HP: 35/35 MP: 4/4
  1357 | D:2      | Reached skill level 1 in Dodging
  1692 | D:3      | Noticed Sigmund
  1718 | D:3      | Killed Sigmund
  1718 | D:3      | Reached skill level 5 in Shields
  1718 | D:3      | Reached XP level 5. HP: 30/42 MP: 5/5
  1718 | D:3      | Reached XP level 6. HP: 35/48 MP: 6/6
  1858 | D:3      | Noticed Jessica
  1860 | D:3      | Killed Jessica
  2245 | D:3      | Reached XP level 7. HP: 53/53 MP: 7/7
  2249 | D:3      | Noticed Robin
  2274 | D:3      | Killed Robin
  2455 | D:4      | Found a stormy altar of Qazlal.
  2460 | D:4      | Found a sparkling altar of Nemelex Xobeh.
  2536 | D:4      | Reached skill level 5 in Armour
  2564 | D:4      | Reached skill level 5 in Axes
  2829 | D:4      | Noticed daning's ghost (amateur HESk)
  2884 | D:4      | Reached skill level 6 in Shields
  2884 | D:4      | Engulfed by a cloud of flame

Skill      XL: |  1  2  3  4  5  6  7 |
---------------+----------------------+-----
Shields        | 4 5 6 |  6.2
Dodging        | 1 |  1.2
Axes           | 3 4 5 |  5.6
Armour         | 4 5 |  5.1
Fighting       | |  3.7

Action                   |  1- 3 |  4- 6 |  7- 9 || total
-------------------------+-------+-------+-------++-------
Melee: War axe           |   106 |   143 |    77 ||   326
Throw: Tomahawk          |       |       |     3 ||     3
  Use: Scroll            |       |     2 |     2 ||     4
       Potion            |       |     1 |     1 ||     2
  Eat: Chunk             |     3 |    10 |       ||    13
Armor: Scale mail        |    46 |    61 |    34 ||   141
Dodge: Dodged            |    24 |    71 |    45 ||   140
Block: Shield            |    74 |    94 |    54 ||   222
